 Dungeon Crawl Stone Soup version 0.22-a0-553-g9358b0b (webtiles) character file.

64 iamserjio the Shield-Bearer (level 4, 0/28 HPs)
             Began as a Gargoyle Fighter on June 25, 2018.
             Slain by a quasit (1 damage)
             ... on level 4 of the Dungeon.
             The game lasted 00:05:21 (677 turns).

iamserjio the Shield-Bearer (Gargoyle Fighter)       Turns: 677, Time: 00:05:21

Health: 0/28       AC: 10    Str: 21      XL:     4   Next: 12%
Magic:  4/4        EV:  7    Int:  8      God:
Gold:   34         SH:  8    Dex:  4 (9)  Spells: 3/3 levels left

rFire    . . .     SeeInvis .   a - +0 war axe
rCold    . . .     Gourm    .   c - +0 shield
rNeg     + . .     Faith    .   b - +0 scale mail
rPois    ∞         Spirit   .   (no helmet)
rElec    +         Reflect  .   (no cloak)
rCorr    .         Harm     .   (no gloves)
MR       .....                  (no boots)
Stlth    ..........             (no amulet)
HPRegen  0.09/turn              (no ring)
MPRegen  0.09/turn              (no ring)

@: no status effects
A: negative energy resistance 1, electricity resistance, unbreathing,
petrification resistance, rot immunity, AC +3
a: no special abilities


You were on level 4 of the Dungeon.
You were not hungry.

You visited 1 branch of the dungeon, and saw 4 of its levels.

You collected 67 gold pieces.
You spent 33 gold pieces at shops.

Inventory:

Hand Weapons
 a - a +0 war axe (weapon)
Missiles
 n - 6 needles of sleeping {!f}
 o - 40 stones (quivered)
Armour
 b - a +0 scale mail (worn)
 c - a +0 shield (worn)
Scrolls
 g - 3 scrolls of remove curse {unknown}
 j - 2 scrolls of enchant weapon {unknown}
 k - a scroll of magic mapping {unknown}
 m - a scroll of identify {unknown}
 p - a scroll of teleportation
Potions
 d - a potion of might
 e - a potion of berserk rage {unknown}
 h - a potion of resistance {unknown}
 i - 2 potions of curing {unknown}
 l - a potion of agility {unknown}
Comestibles
 f - 2 rations


   Skills:
 - Level 3.2 Fighting
 * Level 3.0 Axes
 + Level 3.9 Armour
 + Level 3.9 Shields


You had 3 spell levels left.
You didn't know any spells.
Your spell library was empty.

Dungeon Overview and Level Annotations

Branches:
Dungeon (4/15)
 Temple: D:4-7

Altars:
Elyvilon

Shops:
D:4 *


Innate Abilities, Weirdness & Mutations

You are resistant to torment.
Your stone body is resilient. (AC +3)
You are immune to poison.
You resist negative energy. (rN+)
You are resistant to electric shocks. (rElec)
You can survive without breathing.
You are immune to petrification.
You are immune to rotting.


Message History

You closely miss the quasit.
The quasit is almost dead.
The quasit barely misses you. x3; The quasit closely misses you.
The quasit claws you but does no damage. x2
You miss the quasit.
The quasit is almost dead.
The quasit bites you but does no damage.
The quasit closely misses you. You block the quasit's attack.
The quasit completely misses you. You block the quasit's attack.
The quasit claws you but does no damage.
You miss the quasit.
The quasit is almost dead.
You block the quasit's attack. The quasit closely misses you.
You block the quasit's attack. The quasit closely misses you.
You block the quasit's attack. The quasit barely misses you.
You barely miss the quasit.
The quasit is almost dead.
The quasit bites you but does no damage.
You block the quasit's attack. The quasit claws you.
You die...

. .. ... ....########
.......⌠.⌠.#
........∩..##
.......@.†..#
##.....5.##.#
#.......##'####### ###
#.......#......... ...
#.......#......... ...
.........#......#####.##
.#.......#......#.....
#..######......#.....##
#.........#.......


You could see a quasit.

Vanquished Creatures
  2 adders
  A dart slug (D:1)
  A leopard gecko (D:4)
  7 orcs (D:3)
  3 goblins
  5 hobgoblins
  4 jackals (D:2)
  3 kobolds
  A ball python (D:1)
  2 bats (D:2)
  A frilled lizard (D:1)
  3 rats
33 creatures vanquished.

Notes
Turn   | Place    | Note
-------+----------+-------------------------------------------
     0 | D:1      | iamserjio the Gargoyle Fighter began the quest for the Orb.
     0 | D:1      | Reached XP level 1. HP: 14/14 MP: 1/1
    87 | D:2      | Reached XP level 2. HP: 17/19 MP: 2/2
   272 | D:4      | Found a white marble altar of Elyvilon.
   372 | D:2      | Reached XP level 3. HP: 18/23 MP: 3/3
   558 | D:3      | Reached XP level 4. HP: 6/28 MP: 4/4
   631 | D:4      | Found Utillao's General Store.
   643 | D:4      | Bought a scroll of teleportation for 33 gold pieces
   673 | D:4      | HP: 1/28 [quasit (1)]
   677 | D:4      | Slain by a quasit

Vault maps used:
D:1:      dpeg_arrival_renting
D:3:      kiku_gazebo_pond_becter, first_ration, guppyfry_early_orc_mine,
          uniq_terence
D:4:      nicolae_overflow_crystal_walls, old_standard_altar, fedhas_altar_1,
          kennysheep_mini_moat, serial_shops, shop_fountains

Skill      XL: |  1  2  3 |
---------------+----------+-----
Axes           | 2 3 |  3.0
Fighting       | |  3.2
Armour         | |  3.9
Shields        | |  3.9

Action                   |  1- 3 |  4- 6 || total
-------------------------+-------+-------++-------
Melee: War axe           |   121 |    40 ||   161
Armor: Scale mail        |    67 |    78 ||   145
Dodge: Dodged            |    47 |    48 ||    95
Block: Shield            |    71 |    57 ||   128

Table legend:
 A = Spawn XP
 B = Non-spawn XP
 C = Spawn XP percentage of total XP
 D = Spawn monster count
 E = Non-spawn monster count
 F = Spawn count percentage of total count
 G = Total turns spent on level
                    A         B        C        D         E        F      G
               +---------+---------+-------+---------+---------+-------+---------
         Total |       0 |      92 |   0.0 |       0 |      33 |   0.0 |   677
               +---------+---------+-------+---------+---------+-------+---------
           D:1 |       0 |      12 |   0.0 |       0 |       7 |   0.0 |   141
           D:2 |       0 |      15 |   0.0 |       0 |       9 |   0.0 |   204
           D:3 |       0 |      49 |   0.0 |       0 |      15 |   0.0 |   195
           D:4 |       0 |      16 |   0.0 |       0 |       2 |   0.0 |   137
               +---------+---------+-------+---------+---------+-------+---------
